 Dungeon Crawl Stone Soup version 0.29-a0-219-g0a02b1cf4f (webtiles) character file.

Game seed: 141608451842392712

1327 Sweetruy1997 the Chopper (level 8, -7/66 HPs)
             Began as a Hill Orc Fighter on Feb 26, 2022.
             Mangled by an orc warrior
             ... wielding a +0 hand axe
              (16 damage)
             ... on level 6 of the Dungeon.
             The game lasted 00:12:14 (6673 turns).

Sweetruy1997 the Chopper (Hill Orc Fighter)         Turns: 6673, Time: 00:12:14

Health: -7/66      AC:  6    Str: 19    XL:     8   Next: 60%
Magic:  18/18      EV: 11    Int: 10    God:
Gold:   1486       SH:  5    Dex: 12    Spells: 2/8 levels left

rFire   . . .      SeeInvis +   g - +2 spear of Ewkug {speed, MP+9 Int+2}
rCold   . . .      Faith    .   c - +0 buckler
rNeg    . . .      Spirit   .   k - +2 leather armour {rPois}
rPois   +          Reflect  .   (no helmet)
rElec   .          Harm     .   (no cloak)
rCorr   .          Rampage  .   i - +0 pair of gloves
Will    .....                   (no boots)
Stlth   +.........              (no amulet)
HPRegen 0.21/turn               e - ring of see invisible
MPRegen 0.16/turn               t - +4 ring of slaying

@: mighty
A: no striking features
a: no special abilities


You were on level 6 of the Dungeon.
You visited 2 branches of the dungeon, and saw 7 of its levels.

You collected 1486 gold pieces.

Inventory:

Hand Weapons
 g - the +2 spear of Ewkug (weapon) {speed, MP+9 Int+2}
   (You found it on level 3 of the Dungeon)

   Attacks with this weapon are significantly faster.
   Int:       It affects your intelligence (+2).
   MP:        It affects your magic capacity (+9).
Missiles
 p - 5 boomerangs (quivered)
 s - 5 javelins
Armour
 c - a +0 buckler (worn)
 i - a +0 pair of gloves (worn)
 k - a +2 leather armour of poison resistance (worn)
Jewellery
 b - a ring of poison resistance
 e - a ring of see invisible (left hand)
 t - a +4 ring of slaying (right hand)
Scrolls
 h - a scroll of amnesia
 j - 2 scrolls of identify
 l - a scroll of torment
 m - 3 scrolls of noise
Potions
 f - 2 potions of curing {unknown}
 n - a potion of invisibility {unknown}
 o - 2 potions of mutation {unknown}
 r - a potion of degeneration {unknown}


   Skills:
 - Level 4.0 Fighting
 - Level 7.1(8.7) Axes
 + Level 6.4(7.5) Polearms
 - Level 1.0 Throwing
 - Level 5.0 Armour
 - Level 1.0 Dodging
 - Level 1.0 Stealth
 - Level 5.0 Shields
 + Level 0.9 Spellcasting
 + Level 1.2 Necromancy
 + Level 1.1 Air Magic


You had 2 spell levels left.
You knew the following spells:

 Your Spells              Type           Power      Damage    Failure   Level
a - Corpse Rot            Necr/Air       4%         N/A       43%         2
b - Dispel Undead         Necr           2%         3d7       97%         4

Your spell library contained the following spells:

 Spells                   Type           Power      Damage    Failure   Level
 Death Channel            Necr           1%         N/A       100%        6


Dungeon Overview and Level Annotations

Branches:
Dungeon (6/15)             Temple (1/1) D:4

Altars:
Cheibriados
Dithmenos
Elyvilon
Fedhas
Gozag
Hepliaklqana
Kikubaaqudgha
Makhleb
Nemelex Xobeh
Okawaru
Qazlal
Ru
Sif Muna
Trog
Uskayaw
Vehumet
Wu Jian
Yredelemnul
Zin
The Shining One


Message History

Something appears at your feet!
You now have 1486 gold pieces (gained 1221).
The orc wizard gestures at you while chanting.
The magic dart hits you.
An orc comes into view. It is wielding a +0 dagger.
As you read the scroll of identify, it crumbles to dust.
h - a scroll of amnesia
As you read the scroll of identify, it crumbles to dust.
l - a scroll of torment The orc warrior hits you with a +0 hand axe!
There is an open door here.
You hit the orc warrior.
The orc warrior is moderately wounded.
You block the orc warrior's attack.
You hit the orc warrior.
The orc warrior is moderately wounded.
You hit the orc warrior but do no damage.
The orc warrior is moderately wounded.
You feel very mighty all of a sudden.
The orc warrior hits you with a +0 hand axe!
* * * LOW HITPOINT WARNING * * *
The orc wizard gestures wildly while chanting.
The orc wizard flickers and vanishes for a moment.
The orc warrior blocks your attack.
The orc warrior is moderately wounded.
The orc warrior hits you with a +0 hand axe.
* * * LOW HITPOINT WARNING * * *
You closely miss the orc warrior.
The orc warrior is moderately wounded.
You hit the orc warrior.
The orc warrior is heavily wounded.
The orc warrior blocks your attack.
The orc warrior is heavily wounded.
The orc warrior hits you with a +0 hand axe.
* * * LOW HITPOINT WARNING * * *
You barely miss the orc wizard. The orc warrior blocks your attack.
The orc warrior is heavily wounded.
The orc warrior hits you with a +0 hand axe!
You die...

.#########...#.....##+##+####'###
#....#..##...#.........#..#.....#
'....#..##...#.........#..#......
#....#.......'.........#..'......
#....#..##...#......[..#..#......
###'######...####'#....#.)#..)...
#..)..............#....##'#.....#
#.................#.............#
#........[.....o@o#...).........#
#............###o##.............#
#.[....(.....##............######
#...........)..............# .
#................._....##### #.
#.......#######........# #.
#.......# #####....# .. #.......#
#....##### .. #.......#
#........#


You could see an orc warrior, an orc wizard (invisible) and an orc.

Vanquished Creatures
  4 necrophages
  An ice beast (D:6)
  An ogre (D:5)
  A centaur (D:6)
  A phantom (D:5)
  A kobold brigand (D:6)
  2 scorpions
  4 hounds
  2 jellies (D:5)
  An iguana (D:5)
  Natasha (D:2)
  8 gnolls
  7 adders
  A white imp (D:6)
  An ufetubus (D:4)
  A worm (D:3)
  A dart slug (D:2)
  9 orcs
  5 bats
  10 endoplasms
  2 giant cockroaches (D:4)
  6 goblins
  6 hobgoblins
  4 quokkas
  8 ball pythons
  A frilled lizard (D:2)
  10 kobolds
  11 rats
110 creatures vanquished.

Vanquished Creatures (others)
  Natasha (D:2)
1 creature vanquished.

Grand Total: 111 creatures vanquished

Notes
Turn   | Place    | Note
-------+----------+-------------------------------------------
     0 | D:1      | Sweetruy1997 the Hill Orc Fighter began the quest for the
                  | Orb.
     0 | D:1      | Reached XP level 1. HP: 19/19 MP: 1/1
   402 | D:1      | Reached XP level 2. HP: 20/27 MP: 2/2
   670 | D:1      | Reached skill level 3 in Axes
   842 | D:1      | Reached XP level 3. HP: 29/33 MP: 3/3
  1578 | D:2      | Noticed Natasha
  1588 | D:2      | Killed Natasha
  1589 | D:2      | Reached skill level 4 in Axes
  1589 | D:2      | Reached XP level 4. HP: 37/40 MP: 4/4
  1653 | D:2      | Reached skill level 1 in Dodging
  2256 | D:2      | Found a faded altar of an unknown god.
  2369 | D:2      | Reached XP level 5. HP: 35/46 MP: 5/5
  2387 | D:2      | Reached skill level 5 in Axes
  2617 | D:2      | Noticed Natasha
  2630 | D:2      | Killed Natasha
  2856 | D:3      | Reached skill level 6 in Axes
  2856 | D:3      | Reached XP level 6. HP: 33/52 MP: 6/6
  3190 | D:3      | Found a bloodstained altar of Trog.
  3194 | D:3      | Identified the +2 spear of Ewkug {speed, MP+9 Int+2}
  3619 | D:4      | Noticed a necrophage
  3637 | D:4      | Killed a necrophage
  3929 | D:4      | Reached skill level 7 in Axes
  4062 | D:4      | Learned a level 2 spell: Corpse Rot
  4084 | D:4      | Found a staircase to the Ecumenical Temple.
  4151 | Temple   | Entered the Ecumenical Temple
  4687 | D:4      | Reached skill level 1 in Stealth
  4687 | D:4      | Reached XP level 7. HP: 58/59 MP: 7/7
  4822 | D:5      | Entered Level 5 of the Dungeon
  4828 | D:5      | Learned a level 4 spell: Dispel Undead
  4844 | D:5      | Reached skill level 1 in Polearms
  4844 | D:5      | Reached skill level 1 in Throwing
  5459 | D:5      | Reached skill level 5 in Shields
  5459 | D:5      | Reached XP level 8. HP: 55/66 MP: 8/8
  5798 | D:5      | Reached skill level 5 in Armour
  5909 | D:5      | Reached skill level 5 in Polearms
  5909 | D:5      | Reached skill level 1 in Necromancy
  5909 | D:5      | Reached skill level 1 in Air Magic
  6066 | D:6      | Found an opulent altar of Gozag.
  6193 | D:6      | Identified a scroll of acquirement
  6302 | D:6      | Noticed a yak
  6303 | D:6      | Noticed a yak
  6303 | D:6      | Noticed a yak
  6653 | D:6      | Acquired 1221 gold pieces
  6673 | D:6      | Mangled by an orc warrior

Illustrated notes

Levels and vault maps discovered:
D:1:      dpeg_arrival_renting, layout_loops_corners
D:2:      layout_basic, serial_rivers, chequers_serial_rivers_large_b,
          chequers_serial_rivers_room_b, chequers_serial_rivers_micro_d,
          chequers_serial_rivers_large_a,
          dreamdust_ecumenical_altar_hidden_monk_grotto, uniq_natasha
D:3:      layout_rooms, trog_book
D:4:      layout_loops_corners, minmay_temple_entry_ruins
D:5:      layout_rooms
D:6:      layout_gridville, nicolae_gozag_seed_capital, grunt_ministairs_2,
          st_stairs_8, minivault_19, uniq_eustachio
Temple:   mainiacjoe_temple_coin_purse

Skill      XL: |  1  2  3  4  5  6  7  8 |
---------------+-------------------------+-----
Axes           | 3 4 6 7 |  7.1
Fighting       | 4 |  4.0
Dodging        | 1 |  1.0
Armour         | 4 5 |  5.0
Shields        | 4 5 |  5.0
Stealth        | 1 |  1.0
Polearms       | 4 6 |  6.4
Throwing       | 1 |  1.0
Necromancy     | 1 |  1.2
Air Magic      | 1 |  1.1
Spellcasting   | |  0.9

Action                   |  1- 3 |  4- 6 |  7- 9 || total
-------------------------+-------+-------+-------++-------
Melee: War axe           |    77 |   115 |       ||   192
       Spear             |       |    94 |   112 ||   206
Throw: Boomerang         |       |    20 |    60 ||    80
 Cast: Corpse Rot        |       |     1 |     2 ||     3
  Use: Potion            |       |     3 |     1 ||     4
       Scroll            |       |       |     8 ||     8
 Stab: Distracted        |       |     1 |       ||     1
       Sleeping          |       |     1 |       ||     1
Armor: Scale mail        |    22 |       |       ||    22
       Leather armour    |    11 |    55 |    22 ||    88
       Skin              |       |     5 |       ||     5
Dodge: Dodged            |    34 |    94 |    39 ||   167
Block: Buckler           |    22 |    44 |    16 ||    82

Table legend: (Time is in decaauts)
 A = Elapsed time spent in this place.
 B = Non-inter-level travel time spent in this place.
 C = Inter-level travel time spent in this place.
 D = Time resting spent in this place.
 E = Time spent auto-exploring this place.
 F = Levels seen in this place.
 G = Mean time per level.
                   A        B        C        D        E       F      G
               +--------+--------+--------+--------+--------+-----+--------+
         Total |   6744 |   6664 |     80 |    983 |   4772 |   7 |  963.4 |
       Dungeon |   6631 |   6564 |     67 |    983 |   4688 |   6 | 1105.2 |
        Temple |    112 |     99 |     13 |      0 |     84 |   1 |  112.0 |
               +--------+--------+--------+--------+--------+-----+--------+

Top non-repeatable levels by time:
     D:2: 1699 daAuts
     D:1: 1245 daAuts
     D:4: 1170 daAuts
     D:5: 1133 daAuts
     D:3: 693 daAuts
     D:6: 689 daAuts
  Temple: 112 daAuts
